 Dungeon Crawl Stone Soup version 0.23.2-1-ga50397a (webtiles) character file.

Game seed: 7846850063454789773

2270 troglodite the Skirmisher (level 9, -6/103 HPs)
             Began as a Demonspawn Berserker on May 6, 2019.
             Was a Priest of Trog.
             Mangled by an orc knight
             ... wielding a +0 war axe
              (11 damage)
             ... in a bailey.
             The game lasted 00:29:10 (6410 turns).

troglodite the Skirmisher (Demonspawn Berserker)    Turns: 6410, Time: 00:29:11

Health: -6/103     AC: 20    Str: 22    XL:     9   Next: 16%
Magic:  9/9        EV: 11    Int: 10    God:    Trog [***...]
Gold:   404        SH:  5    Dex: 15    Spells: 8/8 levels left

rFire    + . .     SeeInvis .   a - +1 falchion
rCold    . . .     Gourm    .   o - +0 buckler
rNeg     . . .     Faith    .   s - +0 plate armour
rPois    .         Spirit   .   n - +2 helmet
rElec    .         Reflect  .   h - +0 cloak
rCorr    .         Harm     .   m - +1 pair of gloves
MR       .....                  t - +0 pair of boots
Stlth    ..........             y - amulet of inaccuracy (curse)
HPRegen  0.27/turn              (no ring)
MPRegen  0.11/turn              (no ring)

@: berserking (expiring), very quick
A: fire resistance 1, spiny 2, sturdy frame 2
a: Berserk, Trog's Hand, Renounce Religion


You were in a bailey.
You worshipped Trog.
Trog was most pleased with you.
You were very hungry.

You visited 1 branch of the dungeon, and saw 7 of its levels.
You also visited: Sewer and Bailey.

You collected 404 gold pieces.

Inventory:

Hand Weapons
 a - a +1 falchion (weapon)
Armour
 h - a +0 cloak (worn)
 m - a +1 pair of gloves (worn)
 n - a +2 helmet (worn)
 o - a +0 buckler (worn)
 s - a +0 plate armour (worn)
 t - a +0 pair of boots (worn)
Jewellery
 y - a cursed amulet of inaccuracy (around neck)
 B - a +4 ring of dexterity {unknown}
Wands
 e - a wand of disintegration (7)
 p - a wand of random effects (21)
 q - a wand of digging (6)
 u - a wand of flame (27)
Scrolls
 g - a scroll of enchant armour
 z - a scroll of remove curse {unknown}
 A - a scroll of enchant weapon
Potions
 b - 3 potions of cancellation
 d - a potion of berserk rage {unknown}
 i - a potion of might {unknown}
 j - 3 potions of agility
 k - a potion of brilliance {unknown}
 l - 4 potions of curing
 r - a potion of mutation {unknown}
 v - 2 potions of flight
 x - a potion of magic {unknown}
Comestibles
 c - 10 rations


   Skills:
 * Level 5.9 Fighting
 + Level 5.8 Long Blades
 * Level 5.8 Armour
 * Level 4.7 Dodging
 + Level 2.1 Stealth
 * Level 4.1 Shields


You had 8 spell levels left.
You didn't know any spells.
Your spell library was empty.

Dungeon Overview and Level Annotations

Branches:
Dungeon (7/15)             Temple (0/1) D:7

Altars:
Dithmenos

Shops:
D:5 *


Innate Abilities, Weirdness & Mutations

Your flesh is heat resistant. (rF+)
You are mostly covered in sharp spines.
Your movements are less encumbered by armour. (ER -4)


Message History

The orc knight is severely wounded.
The orc knight hits you with a +0 war axe!
* * * LOW HITPOINT WARNING * * *
You miss the orc knight.
The orc knight is severely wounded.
You barely miss the orc knight.
The orc knight is severely wounded.
The orc knight hits you with a +0 war axe.
* * * LOW HITPOINT WARNING * * *
You closely miss the orc knight.
The orc knight is severely wounded.
You hit the orc knight.
The orc knight is almost dead.
The orc knight hits you but does no damage.
You slash the orc knight!
The orc knight is almost dead.
You barely miss the orc knight.
The orc knight is almost dead.
The orc knight hits you with a +0 war axe!
You die...

#≈≈≈≈≈# #≈≈≈≈≈#
#≈≈≈≈≈# ###≈≈≈≈≈#
#.≈≈≈≈≈≈#
#.≈≈≈≈≈.######
++#.≈≈≈≈≈......#
..#.≈≈≈≈≈......###
..'...........)o@#
..'..........∩)(∩#
..'...........)..#
..#.≈≈≈≈≈......###
''#.≈≈≈≈≈......#
..#.≈≈≈≈≈.######
..#.≈≈≈≈≈≈#
#####≈≈≈≈≈#
#≈≈≈≈≈#


You could see an orc knight.

Vanquished Creatures
  Joseph (D:7)
  A kobold demonologist (Bailey)
  Grinder (D:3)
  Duvessa (D:5)
  An orc warrior (Bailey)
  2 sky beasts
  A crocodile (Sewer)
  2 bullfrogs (D:6)
  A water moccasin zombie (D:5)
  Dowan (D:5)
  An electric eel (Bailey)
  A bullfrog zombie (D:7)
  2 crimson imps
  A jelly (D:5)
  2 hounds (D:5)
  An orc priest (D:5)
  3 orc wizards
  A centaur skeleton (D:4)
  2 iguanas
  Jessica (D:2)
  5 worker ants
  A hound skeleton (D:4)
  A gnoll (Bailey)
  5 adders
  A shadow imp (D:5)
  An ooze (D:2)
  An adder skeleton (D:7)
  3 worms (D:5)
  3 dart slugs
  7 leopard geckos
  14 orcs
  3 giant cockroaches
  9 hobgoblins
  10 jackals
  4 quokkas
  A ball python (D:5)
  12 bats
  4 frilled lizards
  4 goblins
  3 kobolds
  2 quokka skeletons
  12 rats
133 creatures vanquished.

Vanquished Creatures (collateral kills)
  An orc warrior (Bailey)
  An orc (Bailey)
  A hobgoblin (Bailey)
3 creatures vanquished.

Grand Total: 136 creatures vanquished

Notes
Turn   | Place    | Note
-------+----------+-------------------------------------------
     0 | D:1      | troglodite the Demonspawn Berserker began the quest for the
                  | Orb.
     0 | D:1      | Reached XP level 1. HP: 18/18 MP: 1/1
   167 | D:1      | Gained mutation: Your movements are slightly less
                  | encumbered by armour. (ER -2) [demonic ancestry]
   167 | D:1      | Reached XP level 2. HP: 24/24 MP: 2/2
   350 | D:1      | Reached ** piety under Trog
   777 | D:2      | Noticed Jessica
   785 | D:2      | Killed Jessica
   785 | D:2      | Reached XP level 3. HP: 30/30 MP: 3/3
   836 | D:2      | Reached XP level 4. HP: 22/37 MP: 4/4
  2056 | D:3      | Noticed Grinder
  2071 | D:3      | Killed Grinder
  2071 | D:3      | Reached skill level 1 in Stealth
  2071 | D:3      | Reached skill level 1 in Shields
  2071 | D:3      | Gained mutation: You are partially covered in sharp spines.
                  | [demonic ancestry]
  2071 | D:3      | Reached XP level 5. HP: 16/42 MP: 5/5
  2071 | D:3      | Gained mutation: Your movements are less encumbered by
                  | armour. (ER -4) [demonic ancestry]
  2071 | D:3      | Reached XP level 6. HP: 18/48 MP: 6/6
  3017 | D:4      | Noticed a sky beast
  3033 | D:4      | Killed a sky beast
  3819 | D:5      | Entered Level 5 of the Dungeon
  3823 | D:5      | Noticed Duvessa
  3823 | D:5      | Noticed Dowan
  3834 | D:5      | Killed Dowan
  3834 | D:5      | Gained mutation: Your flesh is heat resistant. (rF+)
                  | [demonic ancestry]
  3834 | D:5      | Reached XP level 7. HP: 55/55 MP: 7/7
  3838 | D:5      | Reached *** piety under Trog
  3852 | D:5      | Killed Duvessa
  3882 | D:5      | Found a glowing drain.
  3900 | Sewer    | Entered a sewer
  4555 | D:5      | Found a shadowy altar of Dithmenos.
  4627 | D:5      | Reached XP level 8. HP: 61/61 MP: 8/8
  4642 | D:5      | Found Ufaharer's General Store.
  5088 | D:6      | Reached skill level 5 in Fighting
  5384 | D:6      | Reached skill level 5 in Long Blades
  5396 | D:6      | Reached **** piety under Trog
  5396 | D:6      | Reached skill level 5 in Armour
  5674 | D:7      | Noticed Joseph
  5698 | D:7      | Killed Joseph
  5834 | D:7      | Found a staircase to the Ecumenical Temple.
  5921 | D:7      | Found a flagged portal.
  5931 | Bailey   | Entered a bailey
  6157 | Bailey   | Gained mutation: You are mostly covered in sharp spines.
                  | [demonic ancestry]
  6157 | Bailey   | Reached XP level 9. HP: 69/69 MP: 9/9
  6159 | Bailey   | Received a gift from Trog
  6334 | Bailey   | Found an iron altar of Okawaru.
  6334 | Bailey   | Noticed an orc high priest
  6334 | Bailey   | Noticed a kobold demonologist
  6334 | Bailey   | Noticed an orc knight
  6335 | Bailey   | Noticed an ice devil
  6335 | Bailey   | Noticed a hellwing
  6337 | Bailey   | Noticed a rust devil
  6346 | Bailey   | Noticed an ice devil
  6347 | Bailey   | Noticed a soul eater
  6350 | Bailey   | Killed a kobold demonologist
  6406 | Bailey   | HP: 4/103 [orc knight/+0 war axe (4)]
  6410 | Bailey   | Mangled by an orc knight

Skill      XL: |  1  2  3  4  5  6  7  8 |
---------------+-------------------------+-----
Armour         | 2 3 4 5 |  5.8
Dodging        | 2 3 4 |  4.7
Long Blades    | 3 4 5 |  5.8
Fighting       | 4 5 |  5.9
Stealth        | 1 2 |  2.1
Shields        | 1 2 4 |  4.1

Action                   |  1- 3 |  4- 6 |  7- 9 || total
-------------------------+-------+-------+-------++-------
Melee: Falchion          |    75 |   145 |   266 ||   486
Invok: Berserk           |     3 |     3 |     6 ||    12
       Brothers in Arms  |       |       |     1 ||     1
  Use: Scroll            |       |     4 |     9 ||    13
       Potion            |       |       |     2 ||     2
 Stab: Sleeping          |       |     2 |       ||     2
  Eat: Chunk             |     2 |    12 |    11 ||    25
       Ration            |       |       |     1 ||     1
Armor: Ring mail         |    33 |    42 |       ||    75
       Animal skin       |     1 |       |       ||     1
       Plate armour      |       |    25 |   153 ||   178
Dodge: Dodged            |    59 |    76 |   117 ||   252
Block: Buckler           |       |    29 |    56 ||    85
       Rpst.: Falchion   |    22 |    27 |    38 ||    87
